 Dungeon Crawl Stone Soup version 0.25.0-37-gb73750e0fb (webtiles) character file.

Game seed: 1200554957459329315

102 Ethylacetat the Poker (level 4, 0/31 HPs)
             Began as an Octopode Gladiator on July 8, 2020.
             Killed by nerve-wracking pain
             ... invoked by an orc priest
              (3 damage)
             ... on level 3 of the Dungeon.
             The game lasted 00:02:39 (2190 turns).

Ethylacetat the Poker (Octopode Gladiator)          Turns: 2190, Time: 00:02:41

Health: 0/31       AC:  1    Str: 14    XL:     4   Next: 77%
Magic:  4/4        EV: 14    Int: 10    God:
Gold:   104        SH:  0    Dex: 13    Spells: 3/3 levels left

rFire    . . .     SeeInvis .   a - +0 trident
rCold    . . .     Gourm    .   (no shield)
rNeg     . . .     Faith    .   b - +0 hat
rPois    .         Spirit   .   (no amulet)
rElec    .         Reflect  .   (no ring)
rCorr    .         Harm     .   (no ring)
MR       .....                  (no ring)
Stlth    ++........             (no ring)
HPRegen  0.10/turn              (no ring)
MPRegen  0.09/turn              (no ring)
                                (no ring)
                                (no ring)

@: no status effects
A: almost no armour, stealthy swim, amphibious, 8 rings, constrict 8, camouflage
1, gelatinous body 1
a: no special abilities


You were on level 3 of the Dungeon.
You were not hungry.

You visited 1 branch of the dungeon, and saw 3 of its levels.

You collected 104 gold pieces.

Inventory:

Hand Weapons
 a - a +0 trident (weapon)
Missiles
 c - 3 throwing nets (quivered)
Armour
 b - a +0 hat (worn)
Scrolls
 f - a scroll of teleportation {unknown}
 g - a scroll of magic mapping {unknown}
 h - 4 scrolls of remove curse {unknown}
 j - a scroll of fog {unknown}
 k - 2 scrolls of enchant armour {unknown}
 n - 2 scrolls of identify {unknown}
 o - a scroll of noise {unknown}
 p - a scroll of blinking {unknown}
 q - a scroll of enchant weapon {unknown}
Potions
 e - 2 potions of invisibility {unknown}
 i - a potion of brilliance {unknown}
 m - a potion of haste {unknown}
Comestibles
 d - 4 rations
 l - 3 chunks of flesh


   Skills:
 + Level 3.1 Fighting
 * Level 4.7 Polearms
 - Level 2.0 Throwing
 - Level 3.0 Dodging


You had 3 spell levels left.
You didn't know any spells.
Your spell library was empty.

Dungeon Overview and Level Annotations

Branches:
Dungeon (3/15)

Altars:
Cheibriados
Sif Muna


Innate Abilities, Weirdness & Mutations

You cannot wear most types of armour.
You are very stealthy in the water. (Stealth+)
You are amphibious.
You can wear up to eight rings at the same time.
You can use your tentacles to constrict eight enemies at once.
Your skin changes colour to match your surroundings (Stealth+).
Your rubbery body absorbs attacks. (AC +1, EV +1)


Message History

Aim: an orc priest You reach to attack!
You barely miss the orc priest. You hit the orc priest.
Your grab misses the orc priest.
The orc priest is lightly wounded.
The orc priest hits you.
You are too injured to fight recklessly!
You are too injured to fight recklessly!
You are too injured to fight recklessly!
You barely miss the orc priest. Your grab misses the orc priest.
Your squeeze misses the orc priest.
The orc priest mumbles some strange prayers to Beogh against you.
Beogh smites you!
* * * LOW HITPOINT WARNING * * *
You barely miss the orc priest. You grab the orc priest.
You squeeze the orc priest.
The orc priest is heavily wounded.
You constrict the orc priest.
The orc priest mumbles some strange prayers to Beogh against you.
Pain shoots through your body!
You die...

...o #_≈≈.≈≈.......##..# #.
.....##≈≈≈≈≈.......##..# #.
..
.....≈≈≈............#######.
#
######..........##.......##.
#..........##..####.##.
#..........##..# ##.##.
#..............# #.....
###### #..........###.#
#..... #....########.@o...#
#.# #.....
#.#.........#.####.###.#
#.....
##.#....###)##.#.....##.#
#.....
#.......###.)).#.###.##.#
###..#
#.......#<######.###..#.###
#.#. #.......#.#
#..........###..#
#...)...#.###
######...#.##....
#.......#...# #...#.......
#.......###.#####
#..>..##....


You could see an orc priest.

Vanquished Creatures
  Natasha (D:3)
  An adder (D:2)
  2 worms
  2 dart slugs
  3 leopard geckos (D:2)
  5 orcs (D:3)
  8 bats
  A giant cockroach (D:1)
  6 goblins
  5 hobgoblins
  8 kobolds
  2 quokkas (D:2)
  2 frilled lizards
  4 rats (D:2)
50 creatures vanquished.

Notes
Turn   | Place    | Note
-------+----------+-------------------------------------------
     0 | D:1      | Ethylacetat the Octopode Gladiator began the quest for the
                  | Orb.
     0 | D:1      | Reached XP level 1. HP: 14/14 MP: 1/1
    82 | D:1      | Reached XP level 2. HP: 19/19 MP: 2/2
   951 | D:2      | Reached XP level 3. HP: 25/25 MP: 3/3
   990 | D:2      | Reached skill level 4 in Polearms
  1794 | D:3      | Found a shimmering blue altar of Sif Muna.
  1802 | D:3      | Reached XP level 4. HP: 30/30 MP: 4/4
  1856 | D:3      | Found a faded altar of an unknown god.
  1877 | D:3      | Noticed Natasha
  1884 | D:3      | Killed Natasha
  2068 | D:3      | Found a snail-covered altar of Cheibriados.
  2190 | D:3      | Killed from afar by an orc priest

Illustrated notes

Levels and vault maps discovered:
D:1:      matt_arrival_diagonals, layout_basic
D:2:      layout_basic, first_ration
D:3:      layout_basic, kennysheep_slug_shrine,
          chequers_ecumenical_altar_simple_redux, grunt_ministairs_13,
          doesnt_xom_only_xom, uniq_natasha

Skill      XL: |  1  2  3  4 |
---------------+-------------+-----
Polearms       | 4 |  4.7
Fighting       | 3 |  3.1
Throwing       | |  2.0
Dodging        | |  3.0

Action                   |  1- 3 |  4- 6 || total
-------------------------+-------+-------++-------
Melee: Trident           |    75 |    37 ||   112
       Constrict         |    14 |    11 ||    25
       Tentacles         |    12 |     7 ||    19
 Stab: Sleeping          |    13 |     1 ||    14
  Eat: Chunk             |     3 |     1 ||     4
Armor: Skin              |     6 |     3 ||     9
Dodge: Dodged            |    29 |    18 ||    47
